 Dungeon Crawl Stone Soup version 0.28.0-53-g5a82cb258f (webtiles) character file.

Game seed: 7232908746907915504

79 styxcanada the Sneak (level 4, -1/23 HPs)
             Began as a Spriggan Brigand on Aug 3, 2022.
             Slain by a hobgoblin (3 damage)
             ... on level 3 of the Dungeon.
             The game lasted 00:08:40 (2462 turns).

styxcanada the Sneak (Spriggan Brigand)             Turns: 2462, Time: 00:08:40

Health: -1/23      AC:  3    Str:  7    XL:     4   Next: 17%
Magic:  5/5        EV: 17    Int: 12    God:
Gold:   93         SH:  0    Dex: 18    Spells: 3/3 levels left

rFire   . . .      SeeInvis +   a - +2 dagger
rCold   . . .      Faith    .   (no shield)
rNeg    . . .      Spirit   .   b - +0 robe
rPois   .          Reflect  .   (helmet restricted)
rElec   .          Harm     .   c - +0 cloak
rCorr   .          Rampage  .   (gloves unavailable)
Will    .....                   (boots unavailable)
Stlth   ++++......              (no amulet)
HPRegen 0.07/turn               (no ring)
MPRegen 0.09/turn               (no ring)

@: very quick
A: very small, no large weapons, unfitting armour, see invisible, speed 3
a: no special abilities


You were on level 3 of the Dungeon.
You visited 1 branch of the dungeon, and saw 3 of its levels.

You collected 93 gold pieces.

Inventory:

Hand Weapons
 a - a +2 dagger (weapon)
 m - a +0 hunting sling
Missiles
 e - a curare-tipped dart (quivered)
 f - 108 stones
 l - 31 sling bullets
Armour
 b - a +0 robe (worn)
 c - a +0 cloak (worn)
Scrolls
 g - 2 scrolls of identify {unknown}
 h - 2 scrolls of teleportation {unknown}
 i - a scroll of magic mapping {unknown}
 j - a scroll of immolation {unknown}
 o - a scroll of torment {unknown}
Potions
 k - 3 potions of invisibility {unknown}
 n - a potion of lignification {unknown}


   Skills:
 * Level 1.9 Fighting
 + Level 2.7 Short Blades
 + Level 2.1 Throwing
 * Level 2.4 Dodging
 * Level 7.5 Stealth


You had 3 spell levels left.
You didn't know any spells.
Your spell library was empty.

Dungeon Overview and Level Annotations

Branches:
Dungeon (3/15)

Altars:
Kikubaaqudgha


Innate Abilities, Weirdness & Mutations

You are very small and have problems with some larger weapons.
You are too small for most types of armour.
You have supernaturally acute eyesight. (SInv)
You cover ground extremely quickly. (Speed+++)


Message History

You closely miss the adder.
The adder is almost dead.
You feel sick. The adder bites you.
You are more poisoned.
The adder poisons you!
You closely miss the adder.
The adder is almost dead.
You feel sick. The adder completely misses you. The adder misses you.
You miss the adder.
The adder is almost dead.
You feel sick. The adder completely misses you.
You hit the adder but do no damage.
The adder is almost dead.
You feel sick. The adder barely misses you.
You closely miss the adder.
The adder is almost dead.
* * * LOW HITPOINT WARNING * * *
You feel sick. The adder barely misses you.
Throw: dart (poison)
Press: ? - help, Q - select action, (/) - cycle Shift-Dir - straight line, f/p - adder
Aim: an adder (almost dead, 44% to hit)
You throw a poisoned dart. The poisoned dart misses the adder.
The poisoned dart hits the orc.
The orc is poisoned.
You feel sick. The adder misses you.
You feel sick.
A hobgoblin comes into view.
Throw: 2 darts (curare)
Press: ? - help, Q - select action, (/) - cycle Shift-Dir - straight line, f/p - adder
Aim: an adder (almost dead, 44% to hit)
You throw a curare-tipped dart. The curare-tipped dart hits the adder.
The adder is poisoned.
The adder convulses.
You kill the adder!
You feel sick.
Found a glowing ruby potion.
You feel sick.
You are no longer poisoned.
The hobgoblin shouts!
You hit the hobgoblin but do no damage. The hobgoblin hits you.
You die...

#....... #.#
#..)##.# #!#
#.>.##.##
#.#<..
#o.)##...
#.#...
#...##.(#
#.#...
#o......#
#.##.#
###(o###.##
#g##.# #.S..#
#... #@##.#
#.##.# ####
#.##.###(##.#
#..o(oo....(#
####..##.####
##.##.#
#.##..
#.##### #>#
#.#


You could see a hobgoblin.

Vanquished Creatures
  A gnoll (D:1)
  An adder (D:3)
  A worm (D:2)
  2 orcs (D:3)
  3 endoplasms
  A giant cockroach (D:2)
  4 goblins
  3 hobgoblins (D:1)
  8 jackals
  3 quokkas
  4 ball pythons
  4 bats
  4 frilled lizards
  6 kobolds
  6 rats
51 creatures vanquished.

Vanquished Creatures (others)
  2 demonic plants (D:1)
  A plant (D:3)
3 creatures vanquished.

Grand Total: 54 creatures vanquished

Notes
Turn   | Place    | Note
-------+----------+-------------------------------------------
     0 | D:1      | styxcanada the Spriggan Brigand began the quest for the
                  | Orb.
     0 | D:1      | Reached XP level 1. HP: 10/10 MP: 2/2
    39 | D:1      | Reached skill level 6 in Stealth
    69 | D:1      | Reached XP level 2. HP: 3/14 MP: 3/3
   438 | D:1      | You fall into a shaft and drop 1 floor!
   634 | D:2      | Found an ancient bone altar of Kikubaaqudgha.
   899 | D:1      | Reached skill level 7 in Stealth
  1175 | D:1      | Reached XP level 3. HP: 18/18 MP: 4/4
  1356 | D:1      | Found a faded altar of an unknown god.
  1356 | D:1      | Noticed a hell beast
  2426 | D:3      | Reached XP level 4. HP: 23/23 MP: 5/5
  2462 | D:3      | Slain by a hobgoblin

Illustrated notes

Levels and vault maps discovered:
D:1:      minmay_arrival_cross, layout_basic,
          dreamdust_ecumenical_altar_sealed_demon, minmay_crystal_room,
          chequers_serial_rivers_micro_a
D:2:      layout_basic, basic_altar, dk_noncrumbling_3, supply_closet_lemuel
D:3:      corexii_shack_village, layout_loops_ring

Skill      XL: |  1  2  3 |
---------------+----------+-----
Stealth        | 6 7 |  7.5
Dodging        | 2 |  2.4
Fighting       | |  1.9
Short Blades   | |  2.7
Throwing       | |  2.1

Action                   |  1- 3 |  4- 6 || total
-------------------------+-------+-------++-------
Melee: Dagger            |   125 |    16 ||   141
       Punch             |     1 |       ||     1
Throw: Dart              |    21 |     5 ||    26
 Stab: Sleeping          |    11 |       ||    11
Armor: Robe              |    22 |       ||    22
Dodge: Dodged            |    77 |    14 ||    91
